 Dungeon Crawl Stone Soup version 0.31.0-11-ge490571c62 (webtiles) character file.

Game seed: 1873845949480076873

5180 hawla the Severer (level 10, -1/77 HPs)
             Began as a Minotaur Fighter on Feb 2, 2024.
             Was a Priest of Makhleb.
             Killed from afar by an efreet (10 damage)
             ... with a fireball
             ... on level 9 of the Dungeon.
             The game lasted 00:15:50 (7341 turns).

hawla the Severer (Minotaur Fighter)                Turns: 7341, Time: 00:15:52

Health: -1/77      AC: 12    Str: 30    XL:     10   Next: 34%
Magic:  9/9        EV: 10    Int:  5    God:    Makhleb [***...]
Gold:   492        SH:  4    Dex: 11    Spells: 9/9 levels left

rFire   + . .        a - +0 war axe
rCold   . . .        c - +0 buckler
rNeg    . . .        j - +4 scale mail {rF+}
rPois   .            (helmet restricted)
rElec   .            m - +0 cloak {Will+}
rCorr   .            (no gloves)
SInv    .            (no boots)
Will    +....        (no amulet) Stlth
                     l - +6 ring of strength
HPRegen 0.32/turn    (no ring)
MPRegen 0.11/turn

%: no passive effects
@: no status effects
A: horns 2, retaliatory headbutt
a: Renounce Religion, Minor Destruction, Lesser Servant of Makhleb


You were on level 9 of the Dungeon.
You worshipped Makhleb.
Makhleb was most pleased with you.
You visited 2 branches of the dungeon, and saw 10 of its levels.
You also visited: Ossuary.

You collected 492 gold pieces.

Inventory:

Hand Weapons
 a - a +0 war axe (weapon)
 F - a +0 battleaxe
Missiles
 e - 31 poisoned darts (quivered)
 g - 5 boomerangs
 u - a throwing net
Armour
 c - a +0 buckler (worn)
 j - a +4 scale mail of fire resistance (worn)
 m - a +0 cloak of willpower (worn)
 A - a +0 leather armour of cold resistance
 C - a +0 pair of boots
Jewellery
 l - a +6 ring of strength (left hand)
 y - a ring of protection from cold
 E - an amulet of faith
Wands
 r - a wand of paralysis (5)
 x - a wand of iceblast (4)
 B - a wand of polymorph (9)
Scrolls
 b - a scroll of identify
 f - 3 scrolls of poison
 h - 2 scrolls of butterflies
 i - 2 scrolls of immolation
 o - 4 scrolls of vulnerability
 p - a scroll of teleportation
 D - a scroll of enchant weapon {unknown}
Potions
 d - 4 potions of might
 k - a potion of cancellation
 n - a potion of ambrosia
 q - a potion of brilliance
 s - 2 potions of enlightenment
 t - 2 potions of magic
 v - a potion of berserk rage
 z - a potion of haste


   Skills:
 - Level 3.6 Fighting
 - Level 16.0 Axes
 - Level 6.0 Throwing
 + Level 5.9 Armour
 - Level 3.6 Shields


You had 9 spell levels left.
You didn't know any spells.
Your spell library was empty.

Dungeon Overview and Level Annotations

Branches:
Dungeon (9/15)             Temple (1/1) D:5         Ossuary (visited)
   Lair: D:8-11         Orc: D:9-12

Altars:
Cheibriados
Elyvilon
Fedhas
Gozag
Hepliaklqana
Kikubaaqudgha
Makhleb
Nemelex Xobeh
Okawaru
Qazlal
Ru
Sif Muna
Trog
Uskayaw
Wu Jian
Xom
Yredelemnul
Zin
The Shining One


Innate Abilities, Weirdness & Mutations

You have a pair of horns on your head.
You reflexively headbutt those who attack you in melee.


Message History

You hear a howl!
You slice the howler monkey!!
You kill the howler monkey!
Makhleb accepts your kill.
You feel better.
You see here a howler monkey corpse.
An efreet comes into view.
It is wielding a +0 scimitar of flaming.
The efreet gestures at you.
The fireball explodes!
The fireball engulfs you. You resist.
The fireball engulfs the efreet.
The efreet completely resists.
The efreet gestures at you.
The fireball explodes!
The fireball engulfs you! You resist.
* * * LOW HITPOINT WARNING * * *
The fireball engulfs the efreet.
The efreet completely resists.
The efreet gestures at you. The bolt of fire hits you! You resist.
* * * LOW HITPOINT WARNING * * *
You feel better. You block the efreet's attack.
As you read the scroll of butterflies, it crumbles to dust.
You hear the flapping of tiny wings.
The efreet is knocked back by the sudden gust.
You swap places.
The efreet gestures at you.
The fireball explodes!
The fireball engulfs your butterfly!!
Your butterfly dies!
Your butterfly disappears in a burst of colours!
The fireball engulfs your butterfly!!
Your butterfly dies!
Your butterfly disappears in a burst of colours!
The fireball engulfs your butterfly!!
Your butterfly dies!
Your butterfly disappears in a burst of colours!
The fireball engulfs your butterfly!!
Your butterfly dies!
Your butterfly disappears in a burst of colours!
The fireball engulfs your butterfly!!
Your butterfly dies!
Your butterfly disappears in a burst of colours!
The fireball engulfs you! You resist.
You die... ..# .. .# ##b# ####bb ### #bbbb#

#######...
#b..R###.........
##b...b.b.....#
.###bb#@bbbbb[...#
..|b.b.b.bbbb.>..#
..bbb.#bbbb†b....#
.######b..bb.....#
############


You could see an efreet (ally target).

Vanquished Creatures
  A two-headed ogre (D:8)
  Sigmund (D:6)
  3 yaks (D:8)
  Eustachio (D:6)
  2 water moccasins
  2 orc warriors
  A black bear (D:7)
  An ice beast (D:6)
  4 sky beasts
  2 ogres (D:5)
  A centaur (D:6)
  A phantom (D:6)
  2 elf zombies (Ossuary)
  2 kobold brigands
  A bullfrog (D:8)
  6 scorpions
  5 wights (D:7)
  5 killer bees (D:8)
  3 bombardier beetles (D:4)
  3 howler monkeys
  3 centaur zombies (Ossuary)
  4 human zombies (Ossuary)
  3 jellies
  Crazy Yiuf (D:3)
  2 orc priests
  7 hounds
  A gnoll bouda (D:6)
  4 iguanas
  Terence (D:3)
  5 orc wizards
  Natasha (twice) (D:2)
  3 hound zombies (Ossuary)
  2 mummies (Ossuary)
  8 gnolls
  6 adders
  3 white imps
  4 ufetubi
  An adder zombie (Ossuary)
  A ribbon worm (D:2)
  3 dart slugs
  15 orcs
  7 bats
  9 endoplasms
  4 giant cockroaches
  9 gnoll zombies (Ossuary)
  6 goblins
  11 hobgoblins
  4 jackals (D:1)
  2 quokkas
  7 ball pythons
  2 frilled lizards
  4 jackal zombies (Ossuary)
  15 kobolds
  2 kobold zombies (Ossuary)
  8 orc zombies (Ossuary)
  4 rats
220 creatures vanquished.

Notes
Turn   | Place    | Note
-------+----------+-------------------------------------------
     0 | D:1      | hawla the Minotaur Fighter began the quest for the Orb.
     0 | D:1      | Reached XP level 1. HP: 19/19 MP: 0/0
    61 | D:1      | Reached skill level 3 in Axes
   163 | D:1      | Found a faded altar of an unknown god.
   168 | D:1      | Reached XP level 2. HP: 26/26 MP: 1/1
   451 | D:1      | Reached skill level 4 in Axes
   583 | D:1      | Reached XP level 3. HP: 31/31 MP: 2/2
   801 | D:2      | Noticed Natasha
   807 | D:2      | Killed Natasha
   808 | D:2      | Reached skill level 5 in Axes
   808 | D:2      | Reached XP level 4. HP: 16/39 MP: 3/3
  1053 | D:2      | Noticed Natasha
  1066 | D:2      | Killed Natasha
  1183 | D:2      | Reached skill level 6 in Axes
  1777 | D:3      | Reached XP level 5. HP: 45/45 MP: 4/4
  1898 | D:3      | Noticed Terence
  1905 | D:3      | Killed Terence
  2195 | D:3      | Reached skill level 7 in Axes
  2559 | D:3      | Reached XP level 6. HP: 51/51 MP: 5/5
  2593 | D:3      | Found a runed translucent door.
  2594 | D:3      | Noticed Crazy Yiuf
  2601 | D:3      | Killed Crazy Yiuf
  2788 | D:4      | Reached skill level 8 in Axes
  3099 | D:4      | Reached skill level 9 in Axes
  3164 | D:4      | Reached XP level 7. HP: 57/57 MP: 6/6
  3335 | D:5      | Entered Level 5 of the Dungeon
  3347 | D:5      | Reached skill level 10 in Axes
  3492 | D:5      | Found a staircase to the Ecumenical Temple.
  3499 | Temple   | Entered the Ecumenical Temple
  3540 | D:5      | Found a glowing golden altar of the Shining One.
  3540 | D:5      | Found a sparkling altar of Nemelex Xobeh.
  3548 | D:5      | Found a burning altar of Makhleb.
  3551 | D:5      | Found a hazy altar of Hepliaklqana.
  3553 | D:5      | Found an ornate altar of the Wu Jian Council.
  3557 | D:5      | Became a worshipper of Makhleb the Destroyer
  3618 | D:5      | Found a sand-covered staircase.
  3622 | Ossuary  | Entered an ossuary
  3738 | Ossuary  | Reached * piety under Makhleb
  3739 | Ossuary  | Reached skill level 11 in Axes
  3752 | Ossuary  | Reached XP level 8. HP: 54/64 MP: 7/7
  3760 | Ossuary  | Reached skill level 12 in Axes
  4166 | D:5      | Reached skill level 13 in Axes
  4168 | D:5      | Reached ** piety under Makhleb
  4876 | D:6      | Reached skill level 14 in Axes
  4876 | D:6      | Reached XP level 9. HP: 54/70 MP: 8/8
  4880 | D:6      | Noticed Sigmund
  4891 | D:6      | Killed Sigmund
  5282 | D:6      | Noticed Eustachio
  5301 | D:6      | Killed Eustachio
  5513 | D:7      | Reached skill level 15 in Axes
  5556 | D:7      | Reached *** piety under Makhleb
  5772 | D:7      | Reached skill level 16 in Axes
  5816 | D:7      | Reached skill level 1 in Throwing
  6246 | D:8      | HP: 1/105 [yak (8)]
  6254 | D:8      | Reached XP level 10. HP: 12/77 MP: 9/9
  6745 | D:8      | Reached skill level 5 in Throwing
  7007 | D:8      | Noticed a two-headed ogre
  7015 | D:8      | Killed a two-headed ogre
  7016 | D:8      | Reached skill level 5 in Armour
  7327 | D:9      | Identified the +1 helmet of Vlad {rCorr MP+9 Str-4}
  7338 | D:9      | HP: 3/77 [efreet/bolt of fire (10)]
  7341 | D:9      | Killed from afar by an efreet

Illustrated notes

Levels and vault maps discovered:
D:1:      psy_arrival_terrarium, layout_basic,
          nicolae_ecumenical_snake_handling, dk_noncrumbling_3,
          minmay_misc_feat_tiny, hangedman_decor_push, minivault_19
D:2:      kennysheep_big_flooded_room, layout_basic, minivault_24, uniq_natasha
D:3:      layout_loops_ring, kennysheep_generic_room_3, uniq_crazy_yiuf_cottage,
          uniq_terence
D:4:      layout_basic
D:5:      layout_cave_pods, chequers_temple_overflow_minitemple,
          minmay_temple_entry_wispy, enter_ossuary_5
D:6:      layout_basic, roderic_cross_of_infinity, corexii_leaking_fountain,
          nrook_loot_triangle, uniq_eustachio, uniq_sigmund
D:7:      layout_rooms, minmay_crystal_room
D:8:      layout_loops_ring, nicolae_sextant, minmay_stone_trees_small
D:9:      layout_rooms, mainiacjoe_overflow_paths, orc_0_dummy, minmay_bent,
          uniq_jeremiah, uniq_maurice
Temple:   nicolae_temple_bog_church

Skill      XL: |  1  2  3  4  5  6  7  8  9 10 |
---------------+-------------------------------+-----
Axes           | 3 4 5 6 7 9 11 14 16 | 16.0
Throwing       | 4 6 |  6.0
Armour         | 5 |  5.9
Fighting       | |  3.6
Shields        | |  3.6

Action                     |  1- 3 |  4- 6 |  7- 9 | 10-12 || total
---------------------------+-------+-------+-------+-------++-------
  Melee: War axe           |    65 |   134 |   274 |    73 ||   546
         Headbutt          |    11 |    20 |    45 |     7 ||    83
  Throw: Dart              |       |     3 |     5 |       ||     8
  Evoke: Wand              |       |       |     4 |     1 ||     5
    Use: Scroll            |       |     7 |     8 |     2 ||    17
         Potion            |       |     1 |     8 |     1 ||    10
   Stab: Paralysed         |       |       |       |     3 ||     3
 Armour: Scale mail        |    38 |    76 |   198 |    48 ||   360
         Skin              |       |    27 |    35 |       ||    62
  Dodge: Dodged            |    31 |    56 |   112 |    29 ||   228
  Block: Buckler           |    22 |    29 |    60 |    15 ||   126
